AoeStats
← DannyExp

Arabia

507659477Analyzed
1v1 RM · 14d ago on Sep 19, 2026· 51m 39s· 2 players
Game mode
Random Map
Map size
Tiny (2 player)
Population
200
Speed
Normal
Resources
Standard
Victory
Conquest
Starting age
Dark Age
Ending age
Imperial Age
RankedLock teamsTeams togetherTeam positionsShared explorationLock speedFull tech treeHidden civsTurbo modeCheats
Victory
Defeat
🇧🇴 Chinese · Bolivia
739
+14
🇧🇷 Turks · Brazil
706
-14
Snakepit_GNR
9:24 Loom
11:27 Feudal Age
13:28 Double-Bit Axe
19:20 Castle Age
17:40 Horse Collar
19:29 Forging
19:12 Fletching
19:24 Gold Mining
22:37 Heavy Plow
23:33 Padded Archer Armor
27:23 Leather Archer Armor
28:02 Bodkin Arrow
28:30 Scale Barding Armor
31:01 Bow Saw
30:35 Crossbowman
36:28 Imperial Age
38:10 Conscription
39:41 Murder Holes
41:45 Bracer
42:16 Ring Archer Armor
DannyExp
0:26 Loom
11:14 Feudal Age
12:29 Double-Bit Axe
14:44 Horse Collar
18:15 Padded Archer Armor
20:24 Castle Age
21:15 Fletching
22:01 Thumb Ring
25:59 Ballistics
29:36 Padded Archer Armor
31:15 Husbandry
31:28 Bloodlines
32:32 Leather Archer Armor
32:12 Bodkin Arrow
31:53 Light Cavalry
33:29 Bow Saw
39:23 Imperial Age
39:34 Capped Ram
40:03 Heavy Cavalry Archer
40:54 Bracer
45:13 Ring Archer Armor
45:52 Siege Ram
Connection lost

Rejoining the realm…

Still unreachable

The connection could not be restored.

Session expired

The server has moved on; the page needs a fresh start.